 Dungeon Crawl Stone Soup version 0.22-b1-21-g5cfc1688f2 (webtiles) character file.

2161591 Jorund the Archmage (level 27, 159/159 HPs)
             Began as a Naga Wizard on Aug 7, 2018.
             Was the Champion of Cheibriados.
             Escaped with the Orb
             ... and 4 runes!
             The game lasted 06:30:47 (90548 turns).

Jorund the Archmage (Naga Wizard)                  Turns: 90548, Time: 06:30:48

Health: 159/159    AC: 50    Str: 33    XL:     27
Magic:  57/57      EV: 19    Int: 38    God:    Cheibriados [******]
Gold:   4735       SH: 22    Dex: 34    Spells: 12/80 levels left

rFire    + + +     SeeInvis +   L - +9 broad axe (chop)
rCold    + . .     Gourm    .   Z - +5 shield {reflect}
rNeg     . . .     Faith    .   D - +13 chain mail "Roniaci" {MR- Str+6}
rPois    +         Spirit   .   (helmet restricted)
rElec    .         Reflect  +   y - +2 cloak
rCorr    .         Harm     .   C - +1 pair of gloves "Tooxzurral" {MP+9 Str+4 Dex-3 Slay+3}
MR       +++..     Rnd*Rage +   E - +4 naga barding {rF+}
Stlth    ..........             K - +2 amulet of reflection
HPRegen  0.36/turn              N - ring "Kiul" {rF+ MR++ Dex+6 Stlth-}
MPRegen  0.35/turn              r - ring "Lauv" {rF+ rC+ MR- Dex+6 Stlth+}

@: very slow
A: large, horns 1, iridescent scales 1, see invisible, berserk 2, clumsy 1,
deformed body, deterioration 2, dopey 2, frail 3, low mp 1, sense surroundings
1, poison resistance, screaming 3, slowness 2, inhibited regeneration, slow
metabolism 1, spit poison 2, weak 2, no potion heal 1, subdued magic 1,
constrict 1, AC +9
0: Orb of Zot
}: 4/15 runes: serpentine, barnacled, slimy, silver
a: Breathe Poison Gas, Bend Time, Temporal Distortion, Slouch, Step From Time,
Renounce Religion


You escaped.
You worshipped Cheibriados.
Cheibriados was exalted by your worship.
You were very full.

You visited 12 branches of the dungeon, and saw 58 of its levels.
You visited the Abyss 2 times.
You visited 1 ziggurat, and saw 15 of its levels.
You also visited: Labyrinth.

You collected 9967 gold pieces.
You spent 5232 gold pieces at shops.

Inventory:

Hand Weapons
 p - the +9 broad axe of the Pariah {antimagic, Str+7}
   (You found it on level 5 of the Pits of Slime)

   It reduces the magical energy of the wielder, and disrupts the spells and
   magical abilities of those hit.
   Natural abilities and divine invocations are not affected.
   It affects your strength (+7).
 L - a +9 broad axe of chopping (weapon)
Armour
 e - the +4 helmet of the Seven Wonders {Dex+2}
   (You found it on level 5 of the Pits of Slime)

   It affects your dexterity (+2).
 y - a +2 cloak (worn)
 C - the +1 pair of gloves "Tooxzurral" (worn) {MP+9 Str+4 Dex-3 Slay+3}
   (You acquired it on level 2 of the Crypt)

   It affects your strength (+4).
   It affects your dexterity (-3).
   It affects your accuracy and damage with ranged weapons and melee attacks
   (+3).
   It affects your magic capacity (+9).
 D - the +13 chain mail "Roniaci" (worn) {MR- Str+6}
   (You found it on level 4 of the Shoals)

   It affects your strength (+6).
   It affects your resistance to hostile enchantments.
 E - a +4 naga barding of fire resistance (worn)
 Z - a +5 shield of reflection (worn)
Magical Staves
 b - an uncursed staff of conjuration
Jewellery
 f - the ring "Oxzafan" {rCorr Str+3 Dex+3}
   (You found it on level 4 of a ziggurat)

   [ring of resist corrosion]

   It affects your strength (+3).
   It affects your dexterity (+3).
 i - an uncursed ring of protection from cold
 l - the ring "Guefegac" {Fire rElec MP-9 Int+4}
   (You found it on level 2 of the Depths)

   [ring of fire]

   It enhances your fire magic.
   It affects your intelligence (+4).
   It protects you from fire.
   It makes you vulnerable to cold.
   It insulates you from electricity.
   It affects your magic capacity (-9).
 m - the ring of the Suburbs {*Corrode *Slow rElec rN+++ Int+4}
   (You found it on level 10 of a ziggurat)

   [ring of intelligence]

   It affects your intelligence (+4).
   It insulates you from electricity.
   It renders you almost immune to negative energy.
   It may corrode you when you take damage.
   It may slow you when you take damage.
 r - the ring "Lauv" (right hand) {rF+ rC+ MR- Dex+6 Stlth+}
   (You found it on level 12 of a ziggurat)

   [ring of stealth]

   It affects your dexterity (+6).
   It protects you from fire.
   It protects you from cold.
   It affects your resistance to hostile enchantments.
   It makes you more stealthy.
 u - the ring of Robustness {AC+8}
   (You found it on level 13 of a ziggurat)

   [ring of protection]

   It affects your AC (+8).
 K - a +2 amulet of reflection (around neck)
 N - the ring "Kiul" (left hand) {rF+ MR++ Dex+6 Stlth-}
   (You took it off a draconian shifter on level 4 of the Depths)

   [ring of protection from fire]

   It affects your dexterity (+6).
   It protects you from fire.
   It affects your resistance to hostile enchantments.
   It makes you less stealthy.
 O - the ring of Bieb {rN+ Dex+4}
   (You took it off a vampire knight on level 3 of the Crypt)

   [ring of positive energy]

   It affects your dexterity (+4).
   It protects you from negative energy.
 V - an uncursed ring of wizardry
 W - the amulet of Betysm {+Rage rElec rPois MR- Int+2}
   (You found it on level 15 of a ziggurat)

   [amulet of rage]

   It affects your intelligence (+2).
   It insulates you from electricity.
   It protects you from poison.
   It affects your resistance to hostile enchantments.
   It lets you go berserk.
Wands
 g - a wand of disintegration (48)
 t - a wand of acid (19)
 v - a wand of iceblast (36)
 G - a wand of digging (4)
 R - a wand of scattershot (14)
Scrolls
 c - 12 scrolls of teleportation
 n - 8 scrolls of identify
 o - 4 scrolls of magic mapping
 q - 6 scrolls of amnesia
 s - a scroll of silence
 w - 14 scrolls of fear
 x - 11 scrolls of fog
 A - 26 scrolls of remove curse
 M - 3 scrolls of holy word
 T - a scroll of blinking
 X - 6 scrolls of enchant weapon
 Y - a scroll of enchant armour
Potions
 a - 14 potions of flight
 h - 16 potions of curing
 j - 3 potions of agility
 k - 3 potions of brilliance
 z - a potion of magic
 B - a potion of heal wounds
 I - 2 potions of cancellation
 J - a potion of resistance
 Q - a potion of ambrosia
Miscellaneous
 F - a phial of floods
 P - a lamp of fire
 U - a fan of gales
Comestibles
 d - 84 rations


   Skills:
 - Level 10.2 Fighting
   Level 2.3 Short Blades
 - Level 18.0 Axes
 - Level 14.7 Armour
 - Level 13.7 Dodging
 - Level 3.0 Stealth
 - Level 9.0 Shields
 O Level 27 Spellcasting
 + Level 24.6 Conjurations
 - Level 0.5 Charms
 - Level 5.0 Summonings
 - Level 4.1 Translocations
 + Level 22.9 Fire Magic
   Level 0.2 Ice Magic
   Level 0.4 Air Magic
 - Level 9.1 Earth Magic
 - Level 9.5 Poison Magic
 - Level 7.4 Invocations
 - Level 6.0 Evocations


You had 12 spell levels left.
You knew the following spells:

 Your Spells              Type           Power        Failure   Level  Hunger
a - Fire Storm            Conj/Fire      ########..   4%          9    None
b - Blink                 Tloc           N/A          1%          2    None
c - Lehudib's Crystal Sp  Conj/Erth      #######...   5%          8    None
d - Aura of Abjuration    Summ           ######....   2%          5    None
f - Spellforged Servitor  Conj/Summ      #######...   1%          7    None
h - Passwall              Tmut/Erth      ######..     1%          2    None
i - Poison Arrow          Conj/Pois      #######...   1%          6    None
j - Iskenderun's Battles  Conj/Chrm      #######.     1%          5    None
l - Orb of Destruction    Conj           ########..   0%          7    None
m - Iron Shot             Conj/Erth      #######...   1%          6    None
n - Regeneration          Chrm/Necr      #####.....   1%          3    None
o - Ignition              Fire           ########..   1%          8    None

Your spell library contained the following spells:

 Spells                   Type           Power        Failure   Level  Hunger
 Cause Fear               Hex            #####.....   8%          4    None
 Magic Dart               Conj           ####         0%          1    None
 Fireball                 Conj/Fire      ########..   0%          5    None
 Apportation              Tloc           ######       1%          1    None
 Conjure Flame            Conj/Fire      ########     0%          3    None
 Bolt of Fire             Conj/Fire      ########..   0%          6    None
 Bolt of Cold             Conj/Ice       #######...   1%          6    None
 Lightning Bolt           Conj/Air       #######...   1%          5    None
 Bolt of Magma            Conj/Fire/Erth ########..   0%          5    None
 Slow                     Hex            #####...     1%          2    None
 Confuse                  Hex            #####...     2%          3    None
 Throw Flame              Conj/Fire      ######       0%          2    None
 Throw Frost              Conj/Ice       ######       0%          2    None
 Freezing Cloud           Conj/Ice/Air   ######....   3%          6    None
 Mephitic Cloud           Conj/Pois/Air  #######.     0%          3    None
 Ring of Flames           Chrm/Fire      #######...   5%          7    None
 Venom Bolt               Conj/Pois      #######...   0%          5    None
 Olgreb's Toxic Radiance  Pois           #######.     1%          4    None
 Teleport Other           Tloc           ######..     1%          3    None
 Death's Door             Chrm/Necr      #####.....   100%        8    None
 Summon Small Mammal      Summ           ####         1%          1    None
 Iskenderun's Mystic Bla  Conj           ########     0%          4    None
 Animate Dead             Necr           N/A          8%          4    None
 Pain                     Necr           ####         1%          1    None
 Animate Skeleton         Necr           N/A          1%          1    None
 Vampiric Draining        Necr           #####.....   2%          3    None
 Haunt                    Necr/Summ      ######....   96%         7    None
 Borgnjor's Revivificati  Necr           #####.....   100%        8    None
 Freeze                   Ice            ####         1%          1    None
 Ozocubu's Refrigeration  Ice            #####.....   78%         6    None
 Sticky Flame             Conj/Fire      ########     0%          4    None
 Summon Ice Beast         Ice/Summ       ######..     2%          4    None
 Ozocubu's Armour         Chrm/Ice       #####...     1%          3    None
 Call Imp                 Summ           ######..     1%          2    None
 Sting                    Conj/Pois      ####         0%          1    None
 Tukima's Dance           Hex            #####...     2%          3    None
 Summon Demon             Summ           ######....   2%          5    None
 Corpse Rot               Necr           N/A          1%          2    None
 Stone Arrow              Conj/Erth      ######       0%          3    None
 Swiftness                Chrm/Air       #####...     1%          2    None
 Recall                   Summ/Tloc      N/A          1%          3    None
 Spider Form              Tmut/Pois      ######....   1%          3    None
 Statue Form              Tmut/Erth      ######...    21%         6    None
 Ice Form                 Ice/Tmut       #####...     8%          4    None
 Dragon Form              Tmut           #####.....   100%        7    None
 Necromutation            Tmut/Necr      #####.....   100%        8    None
 Death Channel            Necr           #####.....   80%         6    None
 Deflect Missiles         Chrm/Air       #####.....   75%         6    None
 Throw Icicle             Conj/Ice       #######.     1%          4    None
 Glaciate                 Conj/Ice       #######...   99%         9    None
 Airstrike                Air            #####.....   7%          4    None
 Shadow Creatures         Summ           N/A          17%         6    None
 Confusing Touch          Hex            #####.       1%          1    None
 Flame Tongue             Conj/Fire      #####        0%          1    None
 Ignite Poison            Fire/Tmut/Pois #######.     1%          3    None
 Call Canine Familiar     Summ           ######..     1%          3    None
 Ensorcelled Hibernation  Hex/Ice        #####.       1%          2    None
 Metabolic Englaciation   Hex/Ice        #####.....   22%         5    None
 Summon Butterflies       Summ           ######..     1%          1    None
 Silence                  Hex/Air        #####.....   22%         5    None
 Shatter                  Erth           #######...   100%        9    None
 Static Discharge         Conj/Air       #######.     0%          3    None
 Corona                   Hex            #####..      1%          1    None
 Lee's Rapid Deconstruct  Erth           #######...   1%          5    None
 Sandblast                Erth           ######       0%          1    None
 Simulacrum               Ice/Necr       #####.....   80%         6    None
 Chain Lightning          Conj/Air       #######...   32%         8    None
 Excruciating Wounds      Chrm/Necr      #####.....   22%         5    None
 Portal Projectile        Hex/Tloc       ######       1%          3    None
 Petrify                  Tmut/Erth      ######..     1%          4    None
 Tornado                  Air            #####.....   100%        9    None
 Leda's Liquefaction      Hex/Erth       ######....   1%          4    None
 Summon Hydra             Summ           ######....   69%         7    None
 Shroud of Golubria       Chrm/Tloc      ######....   1%          2    None
 Inner Flame              Hex/Fire       #######.     0%          3    None
 Fulminant Prism          Conj/Hex       #######...   1%          4    None
 Dazzling Spray           Conj/Hex       ######       0%          3    None
 Force Lance              Conj/Tloc      #######.     0%          4    None
 Infusion                 Chrm           ####         1%          1    None
 Song of Slaying          Chrm           #####...     1%          2    None
 Spectral Weapon          Hex/Chrm       #####...     1%          3    None
 Searing Ray              Conj           ######       0%          2    None
 Discord                  Hex            #####.....   100%        8    None
 Summon Forest            Summ/Tloc      ######....   3%          5    None
 Summon Lightning Spire   Summ/Air       ######..     2%          4    None
 Summon Guardian Golem    Hex/Summ       ######..     1%          3    None
 Dragon's Call            Summ           ######....   100%        9    None
 Summon Mana Viper        Hex/Summ       ######..     8%          5    None
 Hydra Form               Tmut           #####.....   80%         6    None
 Irradiate                Conj/Tmut      #######...   1%          5    None
 Gell's Gravitas          Tloc           ######....   1%          3    None
 Yara's Violent Unravell  Hex/Tmut       #####.....   24%         5    None
 Infestation              Necr           #####.....   100%        8    None
 Poisonous Vapours        Pois/Air       ######       1%          2    None
 Borgnjor's Vile Clutch   Necr/Erth      ######....   3%          5    None


Dungeon Overview and Level Annotations

Branches:
Dungeon (15/15)            Temple (1/1) D:4            Lair (6/6) D:8
 Shoals (4/4) Lair:3        Snake (4/4) Lair:2        Slime (5/5) Lair:5
    Orc (2/2) D:9             Elf (3/3) Orc:2        Vaults (5/5) D:14
  Crypt (3/3) Vaults:2       Tomb (0/3) Crypt:3      Depths (5/5) D:15
    Zot (5/5) Depths:5

Altars:
Ashenzari
Cheibriados
Dithmenos
Elyvilon
Fedhas
Gozag
Hepliaklqana
Kikubaaqudgha
Makhleb
Nemelex Xobeh
Okawaru
Qazlal
Ru
Sif Muna
Trog
Uskayaw
Vehumet
Wu Jian
Xom
Yredelemnul
Zin
The Shining One
Beogh

Shops:
D:13 (}   Orc:2 *?*   Elf:3 [*   Shoals:2 (   Vaults:1 %   Vaults:2 *
Zot:3 **   Depths:5 %

Portals:
Hell: Depths:1 Depths:2 Depths:3 Depths:4 Depths:5
Abyss: Depths:1 Depths:4
Pandemonium: Depths:3
Trove: D:11 (give 12 potions of heal wounds)

Annotations:
Snake:1 exclusion: ice statue
Elf:2 5 runed doors, Viydudde's ghost, adept FoFi


Innate Abilities, Weirdness & Mutations

You cannot wear boots.
Your serpentine skin is tough. (AC +9)
You have supernaturally acute eyesight. (SInv)
Armour fits poorly on your strangely shaped body.
Your system is resistant to poisons. (rPois)
You cover ground very slowly.
You have a slow metabolism.
You can exhale a cloud of poison.
You can use your snake-like lower body to constrict enemies.
You have a pair of small horns on your head.
You are partially covered in iridescent scales. (AC +2)
You often lose your temper in combat.
You are clumsy. (Dex -2)
Your body often deteriorates upon taking damage.
You are very dopey. (Int -4)
You are extremely frail. (-30% HP)
Your magical capacity is low. (-10% MP)
You passively map a small area around you.
You frequently scream uncontrollably at your foes.
You do not regenerate when monsters are visible.
You are very weak. (Str -4)
Potions are less effective at restoring your health.
Your spells are a little easier to cast, but a little less powerful.


Message History

There is an open door here.
A chaos spawn comes into view.
You block the chaos spawn's attack. The chaos spawn misses you.
There is an open door here.
The chaos spawn misses you. You block the chaos spawn's attack.
You slice the chaos spawn!! You headbutt the chaos spawn.
You kill the chaos spawn!
Cheibriados appreciates the change of pace.
The chaos spawn degenerates into a cloud of primal chaos!
Really slither into that cloud of seething chaos? [Y]es or [N]o only, please.
Really slither into that cloud of seething chaos? [Y]es or [N]o only, please.
Really slither into that cloud of seething chaos?
Okay, then.
There is a staircase leading out of the dungeon here.
Casting: Regeneration (safe; 1% risk of failure)
Confirm with . or Enter, or press ? or * to list all spells.
Okay, then.
You have escaped!

##### ##♣≈≈≈##
#..♣≈≈≈#
###..♣♣♣###
#@......'.#
###..♣♣♣#.#
#..♣≈≈≈#.#
##♣≈≈≈##.########
#####....4....
#####.#### #.#...
#.#.#. #.#.#.


There were no monsters in sight!

Vanquished Creatures
  the Royal Jelly (Slime:5)
  2 pandemonium lords
  The ghost of Jorund the Sorcerer, a legendary NaWz of Cheibriados (Zot:3)
  Mara (Vaults:3)
  7 orbs of fire
  Khufu (Crypt:1)
  4 ancient liches
  Mennas (Depths:3)
  Boris (Vaults:5)
  2 greater mummies (Crypt:1)
  Margery (Depths:4)
  Vashnia (Snake:3)
  A curse toe (Zot:3)
  Bai Suzhen (Crypt:1)
  5 Killer Klowns
  3 caustic shrikes (Depths:4)
  The ghost of Keulexze the Crack Shot, a veteran CeHu of Okawaru (Depths:2)
  Saint Roka (Snake:3)
  9 golden dragons
  Jory (Depths:3)
  2 profane servitors
  3 bone dragons
  A Tzitzimitl (Zig:7)
  4 electric golems
  6 liches
  2 Ice Fiends (Zig:11)
  24 Orb Guardians
  14 tentacled monstrosities
  7 quicksilver dragons
  4 deep elf master archers (Elf:3)
  Asterion (Elf:3)
  15 acid blobs
  6 deep elf blademasters
  3 titans (Vaults:5)
  Agnes (Elf:2)
  9 death cobs
  Gastronok (D:8)
  6 krakens
  Kirke (Snake:3)
  15 tentacled starspawn
  7 ancient champions
  3 Executioners
  7 tengu reavers
  10 sphinxes
  7 shadow dragons
  Roxanne (Elf:3)
  6 revenants
  12 nagarajas
  10 storm dragons
  7 fire giants
  11 azure jellies
  A daeva (Depths:3)
  9 draconian monks
  An iron dragon (Elf:2)
  7 deep elf sorcerers
  8 frost giants
  3 cacodemons
  3 draconian knights
  Louise (Elf:3)
  6 ghost moths
  16 vault wardens
  3 balrugs
  5 draconian scorchers
  7 deep elf elementalists (Elf:3)
  10 draconian shifters
  3 spriggan defenders
  5 curse skulls
  2 draconian stormcallers
  6 draconian annihilators
  An angel (Depths:3)
  6 reapers
  18 ironheart preservers
  14 very ugly things
  2 war gargoyles (Vaults:5)
  A blood saint (Zig:11)
  8 ghouls
  20 stone giants
  3 black suns
  3 entropy weavers
  9 deep elf demonologists
  25 vampire knights
  9 green draconians
  7 black draconians
  8 purple draconians
  9 white draconians
  A lorocyproca (Abyss:5)
  10 spark wasps
  12 red draconians
  5 yellow draconians
  Azrael (Snake:3)
  13 deep elf annihilators
  A minotaur (Lab)
  A blizzard demon (Abyss:3)
  7 merfolk javelineers
  9 ettins
  2 green deaths
  11 deep elf death magi
  A quicksilver dragon zombie (Crypt:3)
  7 eidola
  20 jiangshi
  19 fire dragons
  11 merfolk impalers
  13 deep elf high priests
  12 death oozes (Slime:5)
  12 yaktaur captains
  38 vault guards
  7 hydras
  A monstrous demonspawn (Zig:11)
  19 great orbs of eyes
  7 spriggan air magi
  6 merfolk avatars
  17 naga warriors
  7 rakshasas
  Erica (D:8)
  10 ice dragons
  2 catoblepae
  9 centaur warriors
  An alligator snapping turtle (Shoals:3)
  38 two-headed ogres
  7 anacondas
  16 ogre magi
  25 dancing weapons
  2 death knights
  A satyr (Shoals:3)
  2 death yaks (Lair:4)
  A merfolk aquamancer (Shoals:4)
  11 deep troll shamans
  8 tengu warriors
  2 titan zombies
  10 deep troll earth magi
  24 thrashing horrors
  15 vampire magi
  13 shock serpents
  4 spriggan berserkers (Depths:5)
  5 hell hogs
  29 deep elf knights
  3 orc high priests (Zig:8)
  18 naga sharpshooters
  A shock serpent (shapeshifter) (Depths:1)
  A sun demon (Zot:2)
  2 storm dragon zombies (Crypt:3)
  Sonja (Lair:1)
  13 soul eaters
  17 shadow wraiths
  2 salamander mystics (Snake:2)
  A fire crab (shapeshifter) (Vaults:5)
  5 hell knights (Depths:4)
  4 sixfirhies
  2 spatial maelstroms
  3 iron trolls
  4 wretched stars
  A sea snake (shapeshifter) (Vaults:5)
  A deep troll (shapeshifter) (Vaults:4)
  A shadow demon (Abyss:2)
  A ghost moth zombie (Crypt:3)
  A storm dragon skeleton (Crypt:3)
  8 glowing orange brains
  10 sea snakes
  47 skeletal warriors
  2 death drakes (shapeshifter)
  30 deep elf archers
  35 deep trolls
  3 unseen horrors
  2 unseen horrors (shapeshifter)
  An entropy weaver zombie (Vaults:2)
  A swamp dragon (shapeshifter) (Vaults:1)
  8 naga ritualists
  A swamp dragon (Zig:4)
  2 obsidian statues
  11 flayed ghosts
  A gelid demonspawn (Zot:1)
  8 wizards
  25 harpies
  32 phantasmal warriors
  21 ironbrand convokers
  A shambling mangrove (Zig:4)
  A wolf spider zombie (D:15)
  8 necromancers
  12 oklob plants
  61 deep elf magi
  A harpy (shapeshifter) (Abyss:3)
  2 lindwurms
  20 orc knights
  2 tengu skeletons
  7 mana vipers
  3 stone giant zombies
  12 salamanders
  27 ugly things
  8 shining eyes
  12 fauns
  11 manticores
  5 orc sorcerers
  2 fire giant zombies
  2 salamanders (shapeshifter)
  3 wolf spiders
  6 worldbinders
  5 cyclopes
  A dire elephant zombie (Crypt:3)
  5 elephants
  3 guardian serpents
  A guardian serpent (shapeshifter) (Depths:1)
  2 elephants (shapeshifter)
  2 centaur zombies
  29 moths of wrath
  27 black mambas
  A black mamba (shapeshifter) (Vaults:4)
  A fire giant skeleton (Vaults:4)
  8 merfolk sirens
  21 naga magi
  14 vault sentinels
  3 torpor snails (Lair:1)
  5 water nymphs
  23 eyes of devastation
  A rust devil (Depths:5)
  An orange demon (Abyss:1)
  9 smoke demons
  A stone giant skeleton (Vaults:5)
  3 molten gargoyles (Lair:6)
  4 spiny frogs
  3 gargoyles
  2 rime drakes
  A redback zombie (D:14)
  3 hellions
  2 komodo dragons (shapeshifter)
  34 yaktaurs
  2 efreet (D:14)
  A grey draconian zombie (Crypt:3)
  A kobold demonologist (D:13)
  2 ice devils
  10 komodo dragons
  6 freezing wraiths
  A yaktaur (shapeshifter) (Elf:3)
  An iron troll zombie (Crypt:1)
  2 silent spectres
  A catoblepas skeleton (Crypt:1)
  A demonic crawler (Abyss:3)
  A pale draconian skeleton (Crypt:1)
  A queen ant zombie (Crypt:3)
  A tormentor (Abyss:5)
  A yellow draconian skeleton (Crypt:3)
  11 ancient zymes
  A harpy zombie (Abyss:1)
  A green draconian skeleton (Crypt:2)
  25 merfolk
  6 tengu conjurers
  A red devil (Zot:2)
  13 trolls
  A tyrant leech (Zig:4)
  A hornet (shapeshifter) (Vaults:1)
  A jumping spider (Vaults:4)
  A tyrant leech (shapeshifter) (Vaults:4)
  An iron dragon simulacrum (Abyss:5)
  3 hydra zombies (Crypt:3)
  An alligator zombie (Crypt:3)
  A harpy skeleton (D:15)
  A jumping spider (shapeshifter) (Vaults:3)
  30 blink frogs
  8 hornets
  9 wind drakes
  2 bog bodies (Crypt:1)
  Grinder (D:4)
  9 hippogriffs
  10 raiju
  A fire dragon zombie (Crypt:3)
  7 dream sheep (Shoals:3)
  7 snapping turtles
  A frost giant simulacrum (Vaults:2)
  120 slime creatures
  A fire giant simulacrum (Vaults:2)
  6 flying skulls
  Sigmund (D:3)
  9 shadows
  2 redbacks (shapeshifter)
  5 redbacks
  An alligator skeleton (Crypt:2)
  A tarantella (Vaults:4)
  13 water elementals
  9 wraiths
  20 yaks
  4 ynoxinuls
  5 wyverns
  5 spriggans
  8 basilisks
  2 air elementals
  6 fire elementals
  3 hogs (Snake:3)
  6 golden eyes
  A steam dragon (Lair:6)
  A golden eye (shapeshifter) (Abyss:5)
  A hog (shapeshifter) (D:13)
  28 large abominations
  A yaktaur simulacrum (Vaults:2)
  3 neqoxecs
  9 chaos spawn
  15 vampire mosquitoes
  66 nagas
  A naga (shapeshifter) (Depths:4)
  7 water moccasins
  3 acid dragons
  7 wargs
  Edmund (D:4)
  A soldier ant (shapeshifter) (Abyss:1)
  A floating eye (shapeshifter) (Depths:3)
  11 hell hounds
  7 porcupines
  A swamp drake (Zig:4)
  3 ice beasts
  17 starcursed masses
  An ettin simulacrum (Abyss:1)
  3 black bears
  6 eyes of draining
  4 phantoms
  3 necrophages
  59 orc warriors
  A swamp dragon zombie (Crypt:3)
  15 boggarts
  A dream sheep skeleton (Crypt:2)
  A manticore zombie (Crypt:3)
  41 ogres
  17 wolves
  37 centaurs
  A human skeleton (Vaults:4)
  A manticore skeleton (Crypt:2)
  A snapping turtle skeleton (Crypt:3)
  13 crocodiles
  2 blink frog skeletons
  A human zombie (Vaults:2)
  4 big kobolds
  A gnoll sergeant (D:7)
  5 earth elementals
  13 bullfrogs
  A salamander zombie (Crypt:1)
  A komodo dragon skeleton (Crypt:3)
  A wyvern zombie (D:9)
  2 wyvern skeletons
  A water moccasin zombie (D:7)
  6 scorpions
  A spriggan zombie (Crypt:3)
  7 killer bees
  A polar bear skeleton (Crypt:1)
  A troll skeleton (Crypt:3)
  6 wights
  5 electric eels
  3 howler monkeys (D:11)
  3 crimson imps
  5 lava snakes (Lair:6)
  13 small abominations
  6 quasits
  8 jellies
  17 orc priests
  6 centaur skeletons
  12 hounds
  2 iron imps
  Jessica (D:3)
  A bullfrog skeleton (D:4)
  5 iguanas
  33 orc wizards
  13 worker ants
  A big kobold skeleton (Crypt:1)
  A human simulacrum (Crypt:3)
  A hound zombie (D:8)
  2 hound skeletons
  A mummy (Crypt:1)
  Robin (D:4)
  A worker ant zombie (D:5)
  4 gnolls (D:7)
  A howler monkey skeleton (Crypt:1)
  A swamp drake zombie (Crypt:2)
  8 adders
  A swamp drake skeleton (Crypt:1)
  3 shadow imps
  2 white imps (Abyss:2)
  An ufetubus (Abyss:1)
  A halfling zombie (Crypt:3)
  3 adder skeletons
  A halfling skeleton (Crypt:2)
  5 worms
  A dart slug (D:2)
  6 leopard geckos
  147 orcs
  8 giant cockroaches
  14 goblins
  9 hobgoblins
  5 jackals
  19 kobolds
  5 quokkas
  A ball python skeleton (Crypt:2)
  9 bats
  7 frilled lizards
  A jackal skeleton (Crypt:2)
  A kobold skeleton (Crypt:3)
  11 rats
  3 crawling corpses (Elf:3)
  8 plants
  17 starspawn tentacles
  15 tentacles
  A withered plant (Shoals:3)
3064 creatures vanquished.

Vanquished Creatures (collateral kills)
  4 orbs of fire (Zot:5)
  A pandemonium lord (D:5)
  A profane servitor (Zig:13)
  An Orb Guardian (Zot:5)
  A lich (Zig:13)
  An ironheart preserver (Vaults:2)
  A green death (Zig:11)
  2 orcs (D:5)
12 creatures vanquished.

Vanquished Creatures (others)
  A fire giant (Depths:1)
  2 stone giants
  A very ugly thing (Vaults:3)
  A yaktaur captain (Vaults:5)
  A merfolk aquamancer (Depths:4)
  2 centaur warriors
  A naga sharpshooter (Snake:4)
  2 deep elf knights
  4 deep elf archers
  A moth of wrath (Zot:5)
  11 yaktaurs
  A human (Depths:4)
  A water elemental (Zig:10)
  An ogre (Vaults:5)
  A centaur (Vaults:3)
  A killer bee (D:12)
  2 orcs
  15 fire vortices
  A fulminant prism (Snake:3)
  5 fungi
  2 lurking horrors
  11 plants
  20 starspawn tentacles
  29 tentacles
117 creatures vanquished.

Grand Total: 3193 creatures vanquished

Notes
Turn   | Place    | Note
-------+----------+-------------------------------------------
     0 | D:1      | Jorund the Naga Wizard began the quest for the Orb.
     0 | D:1      | Reached XP level 1. HP: 15/15 MP: 4/4
   363 | D:1      | Reached XP level 2. HP: 22/22 MP: 0/6
   857 | D:1      | Reached XP level 3. HP: 26/28 MP: 0/8
  1489 | D:2      | Learned a level 2 spell: Blink
  1493 | D:2      | Learned a level 3 spell: Conjure Flame
  1497 | D:2      | Learned a level 3 spell: Mephitic Cloud
  1788 | D:2      | Reached skill level 4 in Spellcasting
  2117 | D:3      | Reached XP level 4. HP: 35/36 MP: 6/10
  2333 | D:3      | Noticed Sigmund
  2346 | D:3      | Killed Sigmund
  2346 | D:3      | Reached skill level 1 in Short Blades
  2346 | D:3      | Reached XP level 5. HP: 30/42 MP: 1/11
  2346 | D:3      | Reached XP level 6. HP: 36/49 MP: 1/12
  2503 | D:3      | Noticed Jessica
  2505 | D:3      | Killed Jessica
  2505 | D:3      | Reached skill level 1 in Poison Magic
  3098 | D:4      | Noticed Grinder
  3356 | D:4      | Paralysed by Grinder for 7 turns
  3382 | D:4      | Paralysed by Grinder for 2 turns
  3393 | D:4      | Killed Grinder
  3393 | D:4      | Reached skill level 5 in Spellcasting
  3393 | D:4      | Reached XP level 7. HP: 26/55 MP: 0/15
  3620 | D:4      | Noticed Robin
  3632 | D:4      | Killed Robin
  3737 | D:4      | Noticed Edmund
  3762 | D:4      | Killed Edmund
  3762 | D:4      | Reached skill level 5 in Conjurations
  3775 | D:4      | Found a staircase to the Ecumenical Temple.
  3870 | Temple   | Entered the Ecumenical Temple
  3977 | Temple   | Became a worshipper of Cheibriados the Contemplative
  4095 | D:4      | Found a burning altar of Makhleb.
  4095 | D:4      | Noticed a green death
  4098 | D:4      | Noticed a ynoxinul
  4098 | D:4      | Noticed a neqoxec
  4308 | D:5      | Entered Level 5 of the Dungeon
  4383 | D:5      | Reached XP level 8. HP: 62/62 MP: 5/16
  4397 | D:5      | Reached skill level 6 in Spellcasting
  4750 | D:5      | Reached skill level 1 in Axes
  4908 | D:5      | Reached * piety under Cheibriados
  6295 | D:7      | Reached ** piety under Cheibriados
  6295 | D:7      | Reached skill level 7 in Spellcasting
  6295 | D:7      | Reached XP level 9. HP: 58/68 MP: 11/19
  7022 | D:7      | Learned a level 4 spell: Iskenderun's Mystic Blast
  7027 | D:7      | Learned a level 4 spell: Fulminant Prism
  7197 | D:8      | Reached *** piety under Cheibriados
  7589 | D:8      | Noticed a two-headed ogre
  7593 | D:8      | Noticed Erica
  7594 | D:8      | Reached skill level 8 in Spellcasting
  7606 | D:8      | Killed a two-headed ogre
  7606 | D:8      | Reached XP level 10. HP: 25/75 MP: 3/22
  7622 | D:8      | Killed Erica
  7622 | D:8      | Reached skill level 5 in Axes
  7733 | D:8      | Found a staircase to the Lair.
  7763 | D:8      | Reached **** piety under Cheibriados
  7879 | D:8      | Got an iridescent trident
  7880 | D:8      | Identified the +9 trident of Xeytwityi {pierce, Dex+2 SInv} (You found it on level 8 of the Dungeon)
  8000 | D:8      | Noticed Gastronok
  8220 | D:8      | Killed Gastronok
  8220 | D:8      | Reached skill level 9 in Spellcasting
  8220 | D:8      | Reached skill level 10 in Conjurations
  8373 | D:9      | Found a sacrificial altar of Ru.
  8449 | D:9      | Noticed an unseen horror
  8511 | D:9      | Reached XP level 11. HP: 81/81 MP: 13/24
  8532 | D:9      | Found a sparkling altar of Nemelex Xobeh.
  8551 | D:9      | Killed an unseen horror
  8562 | D:9      | Found a staircase to the Orcish Mines.
  8594 | D:9      | Reached skill level 10 in Spellcasting
  8864 | D:10     | Entered Level 10 of the Dungeon
  8867 | D:10     | Noticed an unseen horror
  8881 | D:10     | Killed an unseen horror
  8881 | D:10     | Reached skill level 1 in Invocations
  8917 | D:10     | Noticed a deep elf mage
  9069 | D:10     | Killed a deep elf mage
  9092 | D:10     | Reached ***** piety under Cheibriados
  9146 | D:10     | Identified the Disquisition on Toxic Companions
  9152 | D:10     | Learned a level 3 spell: Ignite Poison
  9240 | D:10     | Found a roughly hewn altar of Beogh.
  9585 | D:11     | Reached skill level 1 in Fire Magic
  9867 | D:11     | Noticed a red ugly thing
  9875 | D:11     | Killed a red ugly thing
 10087 | D:11     | Reached ****** piety under Cheibriados
 10091 | D:11     | Found a portal to a secret trove of treasure.
 10439 | Lair:1   | Entered Level 1 of the Lair of Beasts
 10448 | Lair:1   | Reached XP level 12. HP: 67/88 MP: 16/26
 10463 | Lair:1   | Noticed a four-headed hydra
 10518 | Lair:1   | Killed a four-headed hydra
 10518 | Lair:1   | Reached skill level 5 in Poison Magic
 10518 | Lair:1   | Reached skill level 5 in Invocations
 10705 | Lair:1   | Found a snail-covered altar of Cheibriados.
 11016 | Lair:1   | Noticed Sonja
 11024 | Lair:1   | Killed Sonja
 11535 | Lair:2   | Reached skill level 11 in Spellcasting
 11555 | Lair:2   | Reached skill level 1 in Shields
 11712 | Lair:2   | You fall through a shaft!
 11736 | Lair:3   | Found a labyrinth entrance.
 11751 | Lab      | Entered a labyrinth
 11877 | Lab      | Noticed a minotaur
 11890 | Lab      | Killed a minotaur
 11895 | Lab      | Identified the Reference Book on Arcane Weapons
 12750 | Lair:3   | Gained mutation: You can use your snake-like lower body to constrict enemies. [Naga growth]
 12750 | Lair:3   | Reached XP level 13. HP: 91/94 MP: 26/28
 12757 | Lair:3   | Found a staircase to the Shoals.
 13223 | Lair:3   | Got a faintly humming leather armour
 13224 | Lair:3   | Identified the +1 leather armour "Kaveug" {rN+} (You found it on level 3 of the Lair of Beasts)
 13340 | Lair:2   | Found a staircase to the Snake Pit.
 14005 | Lair:4   | Reached skill level 12 in Spellcasting
 14491 | Lair:4   | Identified a scroll of acquirement
 14492 | Lair:4   | Got a twisted battleaxe
 14493 | Lair:4   | Identified the +5 battleaxe "Cokoj" {elec, Int+3 Dex+4} (You acquired it on level 4 of the Lair of Beasts)
 14978 | Lair:5   | Reached skill level 1 in Fighting
 14990 | Lair:5   | Found a staircase to the Slime Pits.
 15803 | Lair:6   | Entered Level 6 of the Lair of Beasts
 16134 | Lair:6   | Found a large runed door.
 16229 | Lair:6   | Reached skill level 5 in Fighting
 16247 | Lair:6   | Found a large runed door.
 16422 | Lair:6   | Noticed a fire dragon
 16428 | Lair:6   | Killed a fire dragon
 16599 | Lair:6   | Reached XP level 14. HP: 103/117 MP: 25/30
 16726 | Lair:6   | Reached skill level 13 in Spellcasting
 17610 | Lair:5   | Identified Iriol's Almanac of the Flying Volcanoes
 17895 | D:12     | Found a shattered altar of Ashenzari.
 18329 | D:13     | Reached skill level 1 in Armour
 18520 | D:13     | You fall through a shaft!
 18823 | D:13     | Found Daptotiu's Weapon Emporium.
 18977 | D:13     | Found a glowing golden altar of the Shining One.
 19130 | D:13     | Found Emaxkapt's Gadget Shop.
 19357 | D:13     | Got an ichor-stained scimitar
 19834 | D:14     | Reached skill level 5 in Armour
 19890 | D:14     | Found a gate to the Vaults.
 20366 | D:15     | Entered Level 15 of the Dungeon
 20827 | D:15     | Reached XP level 15. HP: 120/129 MP: 19/32
 21050 | D:15     | Found a staircase to the Depths.
 21487 | D:15     | Got a faintly humming shield
 21600 | D:15     | Identified the -8 shield of Edod {rF+ Int+3} (You found it on level 15 of the Dungeon)
 21766 | Orc:1    | Entered Level 1 of the Orcish Mines
 22052 | Orc:2    | Entered Level 2 of the Orcish Mines
 22690 | Orc:2    | Found a staircase to the Elven Halls.
 23022 | Orc:2    | Found Pius Yss's Magic Scroll Shoppe.
 23022 | Orc:2    | Found Odicit's Distillery.
 23028 | Orc:2    | Found Wafruemina's General Store.
 23030 | Orc:2    | Found Giadiunoxt's Assorted Antiques.
 23034 | Orc:2    | Bought a potion of might for 52 gold pieces
 23034 | Orc:2    | Bought a potion of curing for 39 gold pieces
 23034 | Orc:2    | Bought a potion of curing for 39 gold pieces
 23034 | Orc:2    | Bought a potion of mutation for 104 gold pieces
 23034 | Orc:2    | Bought a potion of heal wounds for 65 gold pieces
 23034 | Orc:2    | Bought 2 potions of resistance for 260 gold pieces
 23035 | Orc:2    | Bought a scroll of blinking for 120 gold pieces
 23035 | Orc:2    | Bought a scroll of blinking for 120 gold pieces
 23042 | Orc:2    | Bought a scroll of blinking for 255 gold pieces
 23167 | Orc:2    | Found a roughly hewn altar of Beogh.
 23737 | Snake:1  | Entered Level 1 of the Snake Pit
 23771 | Snake:1  | Learned a level 2 spell: Passwall
 24288 | Snake:1  | Reached skill level 10 in Armour
 24567 | Snake:1  | Found the +4 arc blade {discharge, rElec}
 24797 | Snake:1  | Reached skill level 1 in Earth Magic
 25876 | Snake:2  | Noticed a nagaraja
 25884 | Snake:2  | Killed a nagaraja
 25884 | Snake:2  | Reached XP level 16. HP: 65/138 MP: 26/33
 27076 | Snake:3  | Noticed Vashnia
 27397 | Snake:3  | Noticed Saint Roka
 27476 | Snake:1  | Gained mutation: You are frail. (-10% HP) [potion of mutation]
 27476 | Snake:1  | Gained mutation: Your magical capacity is low. (-10% MP) [potion of mutation]
 27476 | Snake:1  | Gained mutation: You can exhale a cloud of poison. [potion of mutation]
 27596 | Elf:1    | Entered Level 1 of the Elven Halls
 28302 | Elf:1    | Reached skill level 14 in Spellcasting
 29308 | Elf:1    | Learned a level 6 spell: Poison Arrow
 29314 | Elf:1    | Learned a level 5 spell: Iskenderun's Battlesphere
 29320 | Elf:1    | Learned a level 5 spell: Bolt of Magma
 29404 | Elf:2    | Found a shimmering altar of Xom.
 29404 | Elf:2    | Noticed Viydudde's ghost (adept FoFi)
 29406 | Elf:2    | Found a runed door.
 29438 | Elf:2    | Noticed Agnes
 29441 | Elf:2    | Killed Agnes
 29828 | Elf:2    | Reached XP level 17. HP: 124/129 MP: 23/32
 30564 | Elf:2    | Reached skill level 15 in Spellcasting
 30925 | Elf:2    | Identified the Catalogue of the Mountains
 31026 | Orc:2    | Bought a potion of mutation for 104 gold pieces
 31026 | Orc:2    | Lost mutation: You are frail. (-10% HP) [potion of mutation]
 31026 | Orc:2    | Lost mutation: Your magical capacity is low. (-10% MP) [potion of mutation]
 31026 | Orc:2    | Gained mutation: You are partially covered in iridescent scales. (AC +2) [potion of mutation]
 31026 | Orc:2    | Gained mutation: You passively map a small area around you. [potion of mutation]
 31028 | Orc:2    | Bought a scroll of teleportation for 48 gold pieces
 31030 | Orc:2    | Bought a potion of resistance for 150 gold pieces
 31035 | Orc:2    | Bought 2 potions of curing for 204 gold pieces
 31129 | Elf:2    | Reached skill level 15 in Conjurations
 31371 | Elf:2    | Found a large runed door.
 31371 | Elf:2    | Found a large runed door.
 31394 | Elf:2    | Found a large runed door.
 31394 | Elf:2    | Found a large runed door.
 31492 | Elf:3    | Entered Level 3 of the Elven Halls
 31595 | Elf:3    | Noticed a sphinx
 31604 | Elf:3    | Killed a sphinx
 31605 | Elf:3    | Noticed a sphinx
 31613 | Elf:3    | Killed a sphinx
 31652 | Elf:3    | Noticed a sphinx
 31678 | Elf:3    | Killed a sphinx
 31687 | Elf:3    | Noticed a sphinx
 31707 | Elf:3    | Noticed a sphinx
 31712 | Elf:3    | Killed a sphinx
 31722 | Elf:3    | Killed a sphinx
 31797 | Elf:3    | Noticed a sphinx
 31798 | Elf:3    | Killed a sphinx
 32088 | Elf:3    | Found Sdghoemo's Superlative Supplies.
 32101 | Elf:3    | Found Udemp's Antique Armour Shop.
 32103 | Elf:3    | Noticed Roxanne
 32464 | Elf:3    | Noticed Louise
 32469 | Elf:3    | Killed Louise
 32473 | Elf:3    | Reached skill level 16 in Spellcasting
 33210 | Elf:3    | Noticed a deep elf master archer
 33215 | Elf:3    | Killed a deep elf master archer
 33232 | Elf:3    | Reached XP level 18. HP: 85/152 MP: 6/38
 33363 | Elf:3    | Noticed a deep elf blademaster
 33368 | Elf:3    | Killed a deep elf blademaster
 33393 | Elf:3    | Noticed a deep elf master archer
 33395 | Elf:3    | Noticed a deep elf master archer
 33400 | Elf:3    | HP: 6/152 [deep elf knight/stone arrow (41)]
 33400 | Elf:3    | Noticed a deep elf master archer
 33782 | Elf:3    | Reached skill level 10 in Axes
 33827 | Elf:3    | Noticed Asterion
 33831 | Elf:3    | Killed a deep elf master archer
 34046 | Elf:3    | Killed a deep elf master archer
 34061 | Elf:3    | Killed Asterion
 34113 | Elf:3    | Noticed a deep elf blademaster
 34441 | Shoals:1 | Entered Level 1 of the Shoals
 34564 | Shoals:1 | Learned a level 7 spell: Orb of Destruction
 35116 | Shoals:2 | Found Gafatsurph's Weapon Shop.
 36420 | Shoals:3 | Reached skill level 1 in Evocations
 37003 | Shoals:3 | Reached XP level 19. HP: 158/158 MP: 32/39
 37282 | Shoals:3 | Reached skill level 5 in Evocations
 37971 | Shoals:4 | Entered Level 4 of the Shoals
 38264 | Shoals:4 | Identified the +13 chain mail "Roniaci" {MR- Str+6} (You found it on level 4 of the Shoals)
 38410 | Shoals:4 | Identified the Compendium of Slavery and Attacks
 38768 | Shoals:4 | Reached skill level 5 in Shields
 38799 | Shoals:4 | Got a barnacled rune of Zot
 39290 | Vaults:1 | Entered Level 1 of the Vaults
 40506 | Vaults:1 | Reached XP level 20. HP: 61/166 MP: 15/40
 40918 | Vaults:1 | Found Gosakej's Food Emporium.
 41450 | Vaults:2 | Found Neaf's Assorted Antiques.
 41458 | Vaults:2 | Bought a scroll of teleportation for 81 gold pieces
 41842 | Vaults:2 | Reached skill level 15 in Axes
 42854 | Vaults:2 | Found a staircase to the Crypt.
 44261 | Vaults:3 | Noticed Mara
 44280 | Vaults:3 | Noticed Jorund's illusion
 45045 | Vaults:3 | Noticed Jorund's illusion
 45101 | Vaults:2 | Paralysed by an ogre mage for 3 turns
 45196 | Vaults:2 | Identified the Tome of Unstable Good Luck
 45309 | Vaults:4 | Reached XP level 21. HP: 172/172 MP: 28/41
 47999 | Snake:3  | Noticed Kirke
 48002 | Snake:3  | Killed Kirke
 48079 | Snake:3  | Killed Saint Roka
 48316 | Snake:3  | Noticed Azrael
 48583 | Snake:3  | Killed Vashnia
 48863 | Snake:4  | Entered Level 4 of the Snake Pit
 49362 | Snake:4  | Reached XP level 22. HP: 181/181 MP: 22/42
 50516 | Snake:4  | Reached skill level 17 in Spellcasting
 50754 | Snake:4  | Got a serpentine rune of Zot
 51011 | Snake:3  | Killed Azrael
 51226 | Shoals:4 | Got a twisted chain mail
 51228 | Shoals:4 | Identified the +7 chain mail of the Grue {rPois} (You found it on level 4 of the Shoals)
 51530 | Elf:3    | Identified the +10 falchion of Debt {drain, rPois rN+++ Str-5 Stlth+} (You took it off a deep elf elementalist on level 3 of the Elven Halls)
 52160 | Elf:3    | Killed Roxanne
 52493 | Elf:3    | Got a warped great sword {antimagic}
 52506 | Elf:3    | Got a shimmering leather armour
 52787 | Elf:3    | Identified the +2 leather armour of a Billion Runes {+Blink Str+2} (You took it off a deep elf death mage on level 3 of the Elven Halls)
 52789 | Elf:3    | Identified the cursed +2 great sword of Welfare {antimagic, Str+3} (You took it off a deep elf high priest on level 3 of the Elven Halls)
 52795 | Elf:3    | Identified the +3 arbalest "Wyeple" {velocity, rF+} (You found it on level 3 of the Elven Halls)
 53050 | Elf:3    | Learned a level 6 spell: Iron Shot
 53253 | Depths:1 | Entered Level 1 of the Depths
 53476 | Depths:1 | Reached skill level 18 in Spellcasting
 53545 | Depths:1 | Found a gateway to Hell.
 54059 | Depths:1 | Found a one-way gate to the infinite horrors of the Abyss.
 54260 | Depths:1 | Reached XP level 23. HP: 182/187 MP: 39/45
 55082 | Depths:2 | Found a runed door.
 55085 | Depths:2 | Noticed Keulexze's ghost (veteran CeHu)
 55153 | Depths:2 | Got a bone falchion
 55452 | Depths:2 | Reached skill level 19 in Spellcasting
 55545 | Depths:2 | Identified the +6 falchion of Ikla {drain, rElec rC+} (You found it on level 2 of the Depths)
 56546 | Depths:2 | Killed Keulexze's ghost
 56560 | Depths:2 | Got a heavily runed ivory ring
 56569 | Depths:2 | Identified the ring "Guefegac" {Fire rElec MP-9 Int+4} (You found it on level 2 of the Depths)
 56850 | Depths:3 | Noticed Mennas
 57028 | Depths:2 | Lost mutation: You are partially covered in iridescent scales. (AC +2) [potion of mutation]
 57028 | Depths:2 | Lost mutation: You can exhale a cloud of poison. [potion of mutation]
 57028 | Depths:2 | Lost mutation: You passively map a small area around you. [potion of mutation]
 57028 | Depths:2 | Gained mutation: Your magical capacity is low. (-10% MP) [potion of mutation]
 57028 | Depths:2 | Gained mutation: Your mind is acute. (Int +2) [potion of mutation]
 57029 | Depths:2 | Lost mutation: Your mind is acute. (Int +2) [potion of mutation]
 57029 | Depths:2 | Lost mutation: Your magical capacity is low. (-10% MP) [potion of mutation]
 57029 | Depths:2 | Gained mutation: You are weak. (Str -2) [potion of mutation]
 57029 | Depths:2 | Gained mutation: You have a pair of small horns on your head. [potion of mutation]
 57029 | Depths:2 | Gained mutation: You have a pair of horns on your head. [potion of mutation]
 57030 | Depths:2 | Lost mutation: You are weak. (Str -2) [potion of mutation]
 57030 | Depths:2 | Lost mutation: You have a pair of horns on your head. [potion of mutation]
 57030 | Depths:2 | Lost mutation: You have a pair of small horns on your head. [potion of mutation]
 57030 | Depths:2 | Gained mutation: You passively map a small area around you. [potion of mutation]
 57030 | Depths:2 | Gained mutation: You can exhale a cloud of poison. [potion of mutation]
 57030 | Depths:2 | Gained mutation: Your muscles are strong. (Str +2) [potion of mutation]
 57030 | Depths:2 | Gained mutation: You are agile. (Dex +2) [potion of mutation]
 57228 | Depths:3 | Reached skill level 20 in Spellcasting
 57875 | Depths:3 | Found a one-way gate leading to the halls of Pandemonium.
 57884 | Depths:3 | Noticed Jory
 57894 | Depths:3 | Killed Jory
 58057 | Depths:3 | Found a gateway to a ziggurat.
 58397 | Depths:3 | Killed Mennas
 58620 | Depths:3 | Reached XP level 24. HP: 195/195 MP: 7/47
 58798 | Depths:3 | Got a bloodstained large shield
 58805 | Depths:3 | Identified the +6 large shield of the Ego {rC+} (You found it on level 3 of the Depths)
 59168 | Depths:3 | Learned a level 6 spell: Bolt of Cold
 60061 | Depths:4 | Reached skill level 21 in Spellcasting
 60067 | Depths:4 | Noticed Margery
 60112 | Depths:4 | Killed Margery
 60779 | Depths:4 | Noticed a caustic shrike
 60781 | Depths:4 | Noticed a caustic shrike
 60782 | Depths:4 | Noticed a caustic shrike
 60797 | Depths:4 | Killed a caustic shrike
 60797 | Depths:4 | Reached skill level 5 in Earth Magic
 60800 | Depths:4 | Killed a caustic shrike
 60807 | Depths:4 | Killed a caustic shrike
 60919 | Depths:4 | Found a sparkling altar of Nemelex Xobeh.
 61520 | Depths:4 | Found a runed door.
 62043 | Depths:4 | Got a sparkling turquoise ring
 62094 | Depths:4 | Noticed an ancient lich
 62097 | Depths:4 | Killed an ancient lich
 62097 | Depths:4 | Reached skill level 10 in Fighting
 62120 | Depths:4 | Learned a level 5 spell: Fireball
 62170 | Depths:4 | Identified the ring "Kiul" {rF+ MR++ Dex+6 Stlth-} (You took it off a draconian shifter on level 4 of the Depths)
 62205 | Depths:5 | Entered Level 5 of the Depths
 62205 | Depths:5 | Found Qavuagient's Food Emporium.
 62662 | Depths:5 | Reached XP level 25. HP: 158/213 MP: 15/48
 62991 | Depths:5 | Reached skill level 5 in Fire Magic
 63585 | Depths:5 | Found a gate to the Realm of Zot.
 64324 | Orc:2    | Bought a scroll of enchant weapon for 120 gold pieces
 64326 | Orc:2    | Bought 2 potions of curing for 78 gold pieces
 64326 | Orc:2    | Bought a potion of curing for 39 gold pieces
 64326 | Orc:2    | Bought a potion of curing for 39 gold pieces
 64330 | Orc:2    | Bought a potion of brilliance for 52 gold pieces
 64333 | Orc:2    | Bought a ration for 75 gold pieces
 64333 | Orc:2    | Bought a ration for 75 gold pieces
 64616 | Crypt:1  | Entered Level 1 of the Crypt
 64711 | Crypt:1  | Noticed a greater mummy
 64711 | Crypt:1  | Noticed a greater mummy
 64713 | Crypt:1  | Noticed Khufu
 64721 | Crypt:1  | Killed a greater mummy
 64722 | Crypt:1  | Reached skill level 10 in Fire Magic
 64724 | Crypt:1  | Killed a greater mummy
 66027 | Crypt:2  | Got a pair of fine gloves
 66038 | Crypt:2  | Identified the +1 pair of gloves "Tooxzurral" {MP+9 Str+4 Dex-3 Slay+3} (You acquired it on level 2 of the Crypt)
 66252 | Crypt:3  | Entered Level 3 of the Crypt
 67489 | Crypt:3  | Reached XP level 26. HP: 220/220 MP: 48/48
 67709 | Crypt:3  | Found a staircase to the Tomb.
 68386 | Crypt:3  | Got a vibrating jade ring
 68392 | Crypt:3  | Identified the ring of Xom's Whimsicality {rN+ Str+4} (You took it off a skeletal warrior on level 3 of the Crypt)
 68491 | Crypt:3  | Learned a level 3 spell: Regeneration
 68647 | Crypt:3  | Reached skill level 15 in Fire Magic
 68655 | Crypt:3  | Got a sparkling golden ring
 68656 | Crypt:3  | Identified the ring of Bieb {rN+ Dex+4} (You took it off a vampire knight on level 3 of the Crypt)
 68676 | Crypt:3  | Found a basalt altar of Yredelemnul.
 68926 | Crypt:3  | Identified the Almanac of Black Rituals
 69084 | Crypt:3  | Identified the Handbook of Vitriolic Conjuration
 69248 | Crypt:1  | Killed Khufu
 69399 | Crypt:1  | Found a huge runed gate.
 69399 | Crypt:1  | Found a huge runed gate.
 69399 | Crypt:1  | Found a huge runed gate.
 69401 | Crypt:1  | Found a huge runed gate.
 69401 | Crypt:1  | Found a huge runed gate.
 69402 | Crypt:1  | Found a huge runed gate.
 69402 | Crypt:1  | Found a huge runed gate.
 69402 | Crypt:1  | Found a huge runed gate.
 69403 | Crypt:1  | Found a huge runed gate.
 69404 | Crypt:1  | Found a huge runed gate.
 69416 | Crypt:1  | Noticed Bai Suzhen
 69422 | Crypt:1  | Killed Bai Suzhen
 69454 | Crypt:1  | Found a huge runed gate.
 69454 | Crypt:1  | Found a huge runed gate.
 69454 | Crypt:1  | Found a huge runed gate.
 69454 | Crypt:1  | Found a huge runed gate.
 69455 | Crypt:1  | Found a huge runed gate.
 69456 | Crypt:1  | Found a huge runed gate.
 69743 | Crypt:1  | Found a huge runed gate.
 69744 | Crypt:1  | Found a huge runed gate.
 69745 | Crypt:1  | Found a huge runed gate.
 69746 | Crypt:1  | Found a huge runed gate.
 69747 | Crypt:1  | Found a huge runed gate.
 69748 | Crypt:1  | Found a huge runed gate.
 69749 | Crypt:1  | Found a huge runed gate.
 69781 | Crypt:1  | Found a huge runed gate.
 69781 | Crypt:1  | Found a huge runed gate.
 69782 | Crypt:1  | Found a huge runed gate.
 69786 | Crypt:1  | Found a huge runed gate.
 69787 | Crypt:1  | Found a huge runed gate.
 69788 | Crypt:1  | Found a huge runed gate.
 69789 | Crypt:1  | Found a huge runed gate.
 69789 | Crypt:1  | Found a huge runed gate.
 69868 | Crypt:1  | Noticed an ancient lich
 69877 | Crypt:1  | Noticed an ancient lich
 69893 | Crypt:1  | Killed an ancient lich
 69896 | Crypt:1  | Killed an ancient lich
 70993 | Vaults:5 | Entered Level 5 of the Vaults
 71162 | Vaults:4 | Reached XP level 27. HP: 167/228 MP: 48/48
 71518 | Vaults:4 | Learned a level 8 spell: Ignition
 72690 | Vaults:5 | Noticed Boris
 72695 | Vaults:5 | Killed Boris
 73487 | Vaults:5 | Got a heavily runed copper ring
 73724 | Vaults:5 | Got a heavily runed jade amulet
 74086 | Vaults:5 | Got a silver rune of Zot
 74112 | Vaults:5 | Got a vibrating ruby amulet
 74262 | Vaults:5 | Identified the ring of Ratose {+Fly MP+9 Stlth+} (You took it off a vault warden on level 5 of the Vaults)
 74263 | Vaults:5 | Identified the amulet of Tuonot {Inacc rC- Int+6 Dex+6} (You found it on level 5 of the Vaults)
 74264 | Vaults:5 | Identified the amulet of the Past {Inacc rPois Str+5 Stlth+} (You found it on level 5 of the Vaults)
 74555 | Vaults:3 | Noticed Jorund's illusion
 74558 | Vaults:3 | Killed Mara
 75170 | Zot:1    | Entered Level 1 of the Realm of Zot
 75958 | Zot:2    | Noticed an orb of fire
 76030 | Zot:2    | Gained mutation: You do not regenerate when monsters are visible. [an orb of fire]
 76032 | Zot:2    | Gained mutation: You are occasionally teleported next to monsters. [an orb of fire]
 76034 | Zot:2    | Killed an orb of fire
 76630 | Slime:1  | Entered Level 1 of the Pits of Slime
 76753 | Slime:2  | Gained mutation: Your body sometimes deteriorates upon taking damage. [a shining eye]
 76755 | Slime:2  | Gained mutation: You are dopey. (Int -2) [a shining eye]
 77437 | Slime:5  | Entered Level 5 of the Pits of Slime
 77448 | Slime:5  | Noticed the Royal Jelly
 77461 | Slime:4  | Learned a level 9 spell: Fire Storm
 77481 | Slime:5  | Killed the Royal Jelly
 77502 | Slime:5  | Reached skill level 22 in Spellcasting
 77912 | Slime:5  | Got a slimy rune of Zot
 77919 | Slime:5  | Got an ancient helmet
 77923 | Slime:5  | Got a polished war axe
 77940 | Slime:5  | Got a fine broad axe
 77984 | Slime:5  | Identified the cursed +1 war axe of Kaomithra {elec, rF+ SInv} (You found it on level 5 of the Pits of Slime)
 77986 | Slime:5  | Identified the +9 broad axe of the Pariah {antimagic, Str+7} (You found it on level 5 of the Pits of Slime)
 78043 | Slime:5  | Identified the +4 helmet of the Seven Wonders {Dex+2} (You found it on level 5 of the Pits of Slime)
 78592 | Zig:1    | Entered Level 1 of a ziggurat
 78627 | Zig:2    | Entered Level 2 of a ziggurat
 78630 | Zig:2    | Noticed Ulobar the pandemonium lord
 78642 | Zig:2    | Killed Ulobar the pandemonium lord
 78751 | Zig:3    | Entered Level 3 of a ziggurat
 78816 | Zig:4    | Entered Level 4 of a ziggurat
 78838 | Zig:4    | Got a pitted amber ring
 78839 | Zig:4    | Identified the ring "Oxzafan" {rCorr Str+3 Dex+3} (You found it on level 4 of a ziggurat)
 78894 | Zig:5    | Entered Level 5 of a ziggurat
 78941 | Zig:6    | Entered Level 6 of a ziggurat
 78959 | Zig:6    | Paralysed by accursed screaming for 1 turns
 79046 | Zig:7    | Entered Level 7 of a ziggurat
 79076 | Zig:7    | Lost mutation: Your body sometimes deteriorates upon taking damage. [potion of mutation]
 79076 | Zig:7    | Lost mutation: Your muscles are strong. (Str +2) [potion of mutation]
 79076 | Zig:7    | Lost mutation: You are agile. (Dex +2) [potion of mutation]
 79076 | Zig:7    | Lost mutation: You are occasionally teleported next to monsters. [potion of mutation]
 79076 | Zig:7    | Gained mutation: Your movements are slightly less encumbered by armour. (ER -2) [potion of mutation]
 79076 | Zig:7    | Gained mutation: Your tail ends in a poisonous barb. [potion of mutation]
 79076 | Zig:7    | Lost mutation: Your tail ends in a poisonous barb. [potion of mutation]
 79076 | Zig:7    | Gained mutation: You are partially covered in iridescent scales. (AC +2) [potion of mutation]
 79155 | Zig:8    | Entered Level 8 of a ziggurat
 79159 | Zig:8    | Reached skill level 23 in Spellcasting
 79193 | Zig:8    | Identified the Compendium of the Spatial Entourage
 79234 | Zig:9    | Entered Level 9 of a ziggurat
 79322 | Zig:10   | Entered Level 10 of a ziggurat
 79375 | Zig:10   | Identified the +4 arbalest "Inesm" {flame, Str+7} (You found it on level 10 of a ziggurat)
 79377 | Zig:10   | Got a twitching ivory ring
 79380 | Zig:10   | Identified the ring of the Suburbs {*Corrode *Slow rElec rN+++ Int+4} (You found it on level 10 of a ziggurat)
 79386 | Zig:11   | Entered Level 11 of a ziggurat
 79393 | Zig:11   | Noticed Vacum the pandemonium lord
 79415 | Zig:11   | Killed Vacum the pandemonium lord
 79817 | Zig:12   | Entered Level 12 of a ziggurat
 79837 | Zig:12   | Reached skill level 24 in Spellcasting
 79864 | Zig:12   | Got a warped steel ring
 79865 | Zig:12   | Identified the Tome of the Ashen Arsonist
 79880 | Zig:12   | Identified the ring "Lauv" {rF+ rC+ MR- Dex+6 Stlth+} (You found it on level 12 of a ziggurat)
 79944 | Zig:13   | Entered Level 13 of a ziggurat
 79970 | Zig:13   | Found the ring of Robustness {AC+8}
 80003 | Zig:13   | Identified the cursed +0 chain mail of Aluonu {rCorr} (You found it on level 13 of a ziggurat)
 80253 | Zig:14   | Entered Level 14 of a ziggurat
 80261 | Zig:14   | Reached skill level 5 in Dodging
 80285 | Zig:14   | Identified the Handbook of Feathers
 80304 | Zig:14   | Got a clouded jade ring
 80306 | Zig:14   | Identified the ring "Toguquug" {MR+ Dex+3 SInv} (You found it on level 14 of a ziggurat)
 80310 | Zig:14   | Got a steaming granite ring
 80311 | Zig:14   | Identified the ring of the Griffon {Int+7 SInv} (You found it on level 14 of a ziggurat)
 80331 | Zig:15   | Entered Level 15 of a ziggurat
 80334 | Zig:15   | Noticed an orb of fire
 80335 | Zig:15   | Noticed an orb of fire
 80336 | Zig:15   | Noticed an orb of fire
 80336 | Zig:15   | Noticed an orb of fire
 80337 | Zig:15   | Found the +10 morningstar "Eos" {elec, Halo rElec}
 80337 | Zig:15   | Noticed an orb of fire
 80338 | Zig:15   | Found the +6 arbalest "Damnation" {damnation}
 80338 | Zig:15   | Got a warped emerald amulet
 80341 | Zig:15   | Got a clouded golden amulet
 80345 | Depths:3 | Gained mutation: You are frail. (-10% HP) [an orb of fire]
 80346 | Depths:3 | Gained mutation: Your body sometimes deteriorates upon taking damage. [an orb of fire]
 80348 | Depths:3 | Gained mutation: Your body often deteriorates upon taking damage. [an orb of fire]
 80448 | Depths:3 | Identified the amulet of Wiulodix {Inacc rC+ MR+++ Int+2 Dex-5} (You found it on level 15 of a ziggurat)
 80449 | Depths:3 | Identified the amulet of Betysm {+Rage rElec rPois MR- Int+2} (You found it on level 15 of a ziggurat)
 80486 | Depths:4 | Voluntarily entered the Abyss.
 80660 | Abyss:1  | Found a corrupted altar of Lugonu.
 80839 | Abyss:1  | Reached skill level 10 in Dodging
 80851 | Abyss:1  | Gained mutation: Your spells are a little easier to cast, but a little less powerful. [a shining eye]
 80880 | Abyss:1  | Identified the cursed +0 ring mail "Ohoum" {+Inv} (You found it on level 1 of the Abyss)
 80963 | Abyss:2  | Paralysed by accursed screaming for 1 turns
 81298 | Abyss:5  | Entered Level 5 of the Abyss
 81570 | Abyss:5  | Found a hide-covered altar of Uskayaw.
 81608 | Depths:4 | Escaped the Abyss
 81657 | Depths:4 | Voluntarily entered the Abyss.
 81822 | Abyss:2  | Found a corrupted altar of Lugonu.
 81889 | Abyss:2  | Gained mutation: You occasionally shout uncontrollably at your foes. [a neqoxec]
 81990 | Abyss:2  | Gained mutation: You are very frail. (-20% HP) [a neqoxec]
 81990 | Abyss:2  | Gained mutation: You are very dopey. (Int -4) [a neqoxec]
 82002 | Abyss:2  | Found a corrupted altar of Lugonu.
 82029 | Abyss:2  | Found a corrupted altar of Lugonu.
 82449 | Depths:4 | Escaped the Abyss
 82738 | Zot:2    | Reached skill level 25 in Spellcasting
 83583 | Zot:2    | Lost mutation: You occasionally shout uncontrollably at your foes. [potion of mutation]
 83583 | Zot:2    | Lost mutation: You are very frail. (-20% HP) [potion of mutation]
 83583 | Zot:2    | Lost mutation: Your spells are a little easier to cast, but a little less powerful. [potion of mutation]
 83583 | Zot:2    | Gained mutation: You have a pair of small horns on your head. [potion of mutation]
 84693 | Zot:3    | Found a runed gate.
 84694 | Zot:3    | Found a runed gate.
 84694 | Zot:3    | Found an opulent altar of Gozag.
 84695 | Zot:3    | Found a runed gate.
 84697 | Zot:3    | Noticed Jorund's ghost (legendary NaWz)
 84699 | Zot:3    | Found Oxzinn's Assorted Antiques.
 84702 | Zot:3    | Found Seammiv's Assorted Antiques.
 85730 | Zot:3    | Bought a pair of ichor-stained gloves for 342 gold pieces
 85730 | Zot:3    | Bought a potion of curing for 108 gold pieces
 85730 | Zot:3    | Bought a potion of resistance for 360 gold pieces
 85730 | Zot:3    | Bought a potion of ambrosia for 288 gold pieces
 85730 | Zot:3    | Identified the +0 pair of gloves "Hiyjut" {Str+3} (You bought it in a shop on level 3 of the Realm of Zot)
 85763 | Zot:3    | Bought smoking quicksilver dragon scales for 2015 gold pieces
 85763 | Zot:3    | Identified the quicksilver dragon scales of Knowledge {rN+ MR+} (You bought it in a shop on level 3 of the Realm of Zot)
 85796 | Zot:3    | Killed Jorund's ghost
 85888 | Zot:4    | Noticed an orb of fire
 86273 | Zot:4    | Reached skill level 26 in Spellcasting
 86756 | Zot:4    | Killed an orb of fire
 87728 | Zot:4    | Identified the +3 war axe "Guskopt" {protect, rPois Dex+3} (You found it on level 4 of the Realm of Zot)
 87820 | Zot:4    | Learned a level 8 spell: Lehudib's Crystal Spear
 87828 | Zot:4    | Learned a level 7 spell: Spellforged Servitor
 87838 | Zot:4    | Learned a level 5 spell: Aura of Abjuration
 87839 | Zot:5    | Entered Level 5 of the Realm of Zot
 88119 | Zot:5    | Noticed an orb of fire
 88123 | Zot:5    | Killed an orb of fire
 88123 | Zot:5    | Reached skill level 5 in Summonings
 88232 | Zot:5    | Noticed an orb of fire
 88233 | Zot:5    | Gained mutation: You are weak. (Str -2) [an orb of fire]
 88233 | Zot:5    | Gained mutation: Your magical capacity is low. (-10% MP) [an orb of fire]
 88236 | Zot:5    | Gained mutation: You are very frail. (-20% HP) [an orb of fire]
 88240 | Zot:5    | Killed an orb of fire
 88241 | Zot:5    | Noticed an orb of fire
 88249 | Zot:5    | Killed an orb of fire
 88705 | Zot:5    | Noticed an orb of fire
 88708 | Zot:5    | Gained mutation: You are clumsy. (Dex -2) [an orb of fire]
 88710 | Zot:5    | Killed an orb of fire
 88959 | Zot:5    | Noticed an orb of fire
 88960 | Zot:5    | Gained mutation: You occasionally shout uncontrollably at your foes. [an orb of fire]
 88961 | Zot:5    | Gained mutation: Potions are less effective at restoring your health. [an orb of fire]
 88963 | Zot:5    | Gained mutation: You are very weak. (Str -4) [an orb of fire]
 88963 | Zot:5    | Killed an orb of fire
 89175 | Zot:5    | Noticed an orb of fire
 89185 | Zot:5    | Lost mutation: Your movements are slightly less encumbered by armour. (ER -2) [an orb of fire]
 89188 | Zot:5    | Gained mutation: You sometimes yell uncontrollably at your foes. [an orb of fire]
 89189 | Zot:5    | Killed an orb of fire
 89189 | Zot:5    | Reached skill level 27 in Spellcasting
 89211 | Zot:5    | Noticed an orb of fire
 89214 | Zot:5    | Gained mutation: You tend to lose your temper in combat. [an orb of fire]
 89217 | Zot:5    | Killed an orb of fire
 89481 | Zot:5    | Noticed an ancient lich
 89493 | Zot:5    | Killed an ancient lich
 89494 | Zot:5    | Noticed an orb of fire
 89494 | Zot:5    | Gained mutation: Your spells are a little easier to cast, but a little less powerful. [an orb of fire]
 89500 | Zot:5    | Gained mutation: You are extremely frail. (-30% HP) [an orb of fire]
 89502 | Zot:5    | Gained mutation: You frequently scream uncontrollably at your foes. [an orb of fire]
 89502 | Zot:5    | Killed an orb of fire
 89664 | Zot:5    | Noticed an orb of fire
 89671 | Zot:5    | Gained mutation: You often lose your temper in combat. [an orb of fire]
 89673 | Zot:5    | Killed an orb of fire
 90007 | Zot:5    | Got the Orb of Zot
 90438 | D:5      | Noticed Esothroth the pandemonium lord
 90444 | D:5      | Killed Esothroth the pandemonium lord
 90548 | D:$      | Escaped with the Orb!

Skill      XL: |  1  2  3  4  5  6  7  8  9 10 11 12 13 14 15 16 17 18 19 20 21 22 23 24 25 26 27 |
---------------+----------------------------------------------------------------------------------+-----
Spellcasting   | 4 5 7 8 9 10 11 12 13 14 16 18 20 21 27 | 27.0
Conjurations   | 2 3 4 5 7 9 10 11 12 13 14 15 16 18 19 20 24 | 24.6
Short Blades   | 1 2 |  2.3
Poison Magic   | 1 3 5 9 |  9.5
Axes           | 2 4 7 8 13 14 17 18 | 18.0
Invocations    | 4 6 7 |  7.4
Fire Magic     | 2 3 13 18 22 | 22.9
Translocations | 2 4 |  4.1
Shields        | 2 9 |  9.0
Fighting       | 5 7 10 | 10.2
Armour         | 7 10 14 | 14.7
Dodging        | 3 4 13 | 13.7
Earth Magic    | 4 8 9 |  9.1
Evocations     | 4 6 |  6.0
Summonings     | 5 |  5.0
Stealth        | |  3.0
Charms         | |  0.5
Ice Magic      | |  0.2
Air Magic      | |  0.4

Action                   |  1- 3 |  4- 6 |  7- 9 | 10-12 | 13-15 | 16-18 | 19-21 | 22-24 | 25-27 || total
-------------------------+-------+-------+-------+-------+-------+-------+-------+-------+-------++-------
Melee: Dagger            |     7 |       |       |       |       |       |       |       |       ||     7
       Unarmed           |     1 |       |       |       |       |       |       |       |       ||     1
       Short sword       |    45 |    96 |       |       |       |       |       |       |       ||   141
       Hand axe          |       |       |   191 |    20 |       |       |       |       |       ||   211
       Spear             |       |       |     7 |       |       |       |       |       |       ||     7
       Trident           |       |       |       |   469 |   736 |   470 |  1094 |   605 |       ||  3374
       Constrict         |       |       |       |       |   159 |    58 |   176 |   133 |   298 ||   824
       Rapier            |       |       |       |       |       |     1 |       |       |       ||     1
       Broad axe         |       |       |       |       |       |       |       |   342 |  2044 ||  2386
       Headbutt          |       |       |       |       |       |       |       |       |   128 ||   128
 Cast: Magic Dart        |    88 |    57 |   217 |   105 |     1 |    11 |       |     1 |       ||   480
       Mephitic Cloud    |       |     5 |    23 |    37 |    21 |    16 |    22 |       |       ||   124
       Conjure Flame     |       |     3 |     7 |     5 |     2 |       |       |       |       ||    17
       Iskenderun's Myst |       |       |     7 |    51 |   249 |   159 |    21 |     3 |     1 ||   491
       Ignite Poison     |       |       |       |       |     3 |     5 |     2 |       |       ||    10
       Iskenderun's Batt |       |       |       |       |       |     7 |       |       |       ||     7
       Fulminant Prism   |       |       |       |       |       |     1 |       |       |       ||     1
       Poison Arrow      |       |       |       |       |       |   131 |   254 |   294 |   180 ||   859
       Bolt of Magma     |       |       |       |       |       |    17 |    15 |    11 |       ||    43
       Orb of Destructio |       |       |       |       |       |       |    15 |    20 |    15 ||    50
       Iron Shot         |       |       |       |       |       |       |       |    65 |   381 ||   446
       Blink             |       |       |       |       |       |       |       |     3 |     6 ||     9
       Bolt of Cold      |       |       |       |       |       |       |       |     1 |       ||     1
       Ignition          |       |       |       |       |       |       |       |       |    72 ||    72
       Regeneration      |       |       |       |       |       |       |       |       |    24 ||    24
       Fire Storm        |       |       |       |       |       |       |       |       |    10 ||    10
       Spellforged Servi |       |       |       |       |       |       |       |       |    10 ||    10
       Fireball          |       |       |       |       |       |       |       |       |     4 ||     4
Invok: Slouch            |       |       |       |     2 |     3 |     6 |     9 |     4 |     2 ||    26
       Temporal Distorti |       |       |       |       |       |     1 |       |       |       ||     1
       Step From Time    |       |       |       |       |       |       |       |       |     1 ||     1
 Abil: Spit Poison       |       |     3 |     5 |     3 |     1 |       |       |       |       ||    12
       Breathe Poison Ga |       |       |       |       |       |     9 |     5 |     1 |       ||    15
       Stop Flying       |       |       |       |       |       |       |     1 |       |     1 ||     2
Evoke: Wand              |       |       |     5 |     4 |     4 |    38 |     3 |     7 |     2 ||    63
       Fan of gales      |       |       |       |       |       |       |     1 |       |       ||     1
       Lamp of fire      |       |       |       |       |       |       |       |     3 |     3 ||     6
  Use: Scroll            |     5 |     1 |     4 |    11 |    10 |    21 |    14 |    32 |    57 ||   155
       Potion            |       |     4 |     3 |     2 |     4 |    16 |     3 |     5 |    26 ||    63
 Stab: Sleeping          |     2 |     6 |     1 |     1 |       |     1 |     5 |     5 |       ||    21
       Confused          |       |       |     6 |    27 |    17 |     1 |    21 |       |       ||    72
       Distracted        |       |       |     1 |     2 |     1 |       |     1 |     4 |     5 ||    14
       Paralysed         |       |       |       |       |       |       |       |       |     1 ||     1
  Eat: Chunk             |     2 |     5 |     7 |     9 |    21 |    11 |    18 |     9 |     9 ||    91
       Ration            |       |       |     1 |     1 |     3 |     4 |     4 |     5 |    16 ||    34
Armor: Robe              |    19 |    31 |    86 |       |       |       |       |       |       ||   136
       Ring mail         |       |       |     2 |   194 |       |       |       |       |       ||   196
       Chain mail        |       |       |       |    75 |   534 |    70 |       |       |   956 ||  1635
       Fire dragon scale |       |       |       |       |       |   285 |   321 |   340 |   122 ||  1068
Dodge: Dodged            |    55 |    42 |   105 |   220 |   339 |   280 |   240 |   150 |   711 ||  2142
Block: Buckler           |       |       |       |    12 |   273 |   247 |   194 |       |       ||   726
       Reflection        |       |       |       |       |       |    34 |    89 |   116 |    51 ||   290
       Shield            |       |       |       |       |       |       |   379 |   629 |  2048 ||  3056
